 Dungeon Crawl Stone Soup version 0.24-a0-291-g79c1ce7 (webtiles) character file.

Game seed: 8410594558459561539

119 galech the Skirmisher (level 4, -1/35 HPs)
             Began as a Demonspawn Fighter on May 9, 2019.
             Killed from afar by Natasha (6 damage)
             ... with a puff of flame
             ... on level 2 of the Dungeon.
             The game lasted 00:01:09 (756 turns).

galech the Skirmisher (Demonspawn Fighter)           Turns: 756, Time: 00:01:10

Health: -1/35      AC:  8    Str: 16    XL:     4   Next: 73%
Magic:  4/4        EV:  7    Int:  9    God:
Gold:   29         SH:  9    Dex: 14    Spells: 3/3 levels left

rFire    . . .     SeeInvis .   i - +3 hand axe
rCold    . . .     Gourm    .   c - +0 shield
rNeg     . . .     Faith    .   b - +0 scale mail
rPois    .         Spirit   .   (helmet restricted)
rElec    .         Reflect  .   (no cloak)
rCorr    .         Harm     .   (no gloves)
MR       .....                  (no boots)
Stlth    ..........             (no amulet)
HPRegen  0.11/turn              e - ring of wizardry
MPRegen  0.09/turn              (no ring)

@: no status effects
A: antennae 1, yellow scales 1, rot immunity
a: no special abilities


You were on level 2 of the Dungeon.
You were not hungry.

You visited 1 branch of the dungeon, and saw 2 of its levels.

You collected 29 gold pieces.

Inventory:

Hand Weapons
 i - a +3 hand axe (weapon)
Armour
 b - a +0 scale mail (worn)
 c - a +0 shield (worn)
Jewellery
 e - a ring of wizardry (left hand)
 k - a cursed ring of attention {unknown}
Scrolls
 h - 2 scrolls of fog {unknown}
 n - a scroll of amnesia {unknown}
 o - a scroll of teleportation {unknown}
Potions
 d - a potion of might
 g - 2 potions of curing {unknown}
 j - a potion of haste {unknown}
 l - a potion of magic {unknown}
 m - a potion of lignification {unknown}
Comestibles
 a - 6 chunks of flesh
 f - 5 rations


   Skills:
 + Level 3.5 Fighting
 + Level 2.6 Axes
 + Level 3.5 Armour
 + Level 0.7 Dodging
 + Level 3.4 Shields


You had 3 spell levels left.
You didn't know any spells.
Your spell library was empty.

Dungeon Overview and Level Annotations

Branches:
Dungeon (2/15)

Altars:
Vehumet

Annotations:
D:2 Natasha


Innate Abilities, Weirdness & Mutations

You have a pair of small antennae on your head.
You are partially covered in yellow scales. (AC +2)
You are immune to rotting.


Message History

You hit the scorpion.
Your shield and scale mail prevent you from hitting the crimson imp.
You hit the iron imp but do no damage.
Natasha zaps a wand.
The puff of flame hits you.
* * * LOW HITPOINT WARNING * * *
The scorpion stings you but does no damage.
The iron imp barely misses you.
The crimson imp shouts, "Scamper away, thou yeasty crook-pated whip-jack!"
The crimson imp hits you.
* * * LOW HITPOINT WARNING * * *
Natasha claws you but does no damage.
You closely miss Natasha.
Natasha is heavily wounded.
You hit the scorpion.
You kill the scorpion!
You hit the crimson imp. You hit the iron imp.
You block the crimson imp's attack.
Natasha growls.
Natasha zaps a wand.
The puff of flame hits you.
You die...

##....##.....#...#######
......########...#
###+### #...# .##.#
#...# .##.# #...# .
'##'####### #...# ...
..........####...###....
.†........#....5........
..........#.....@5......
..........#......h......
###+#######............#
#............#
#.............#
#.#.#.>.......#
#......######## #.#.#..


You could see an iron imp, Natasha and a crimson imp.

Vanquished Creatures
  A scorpion (D:2)
  A crimson imp (D:2)
  3 dart slugs
  2 leopard geckos
  3 giant cockroaches (D:1)
  5 goblins
  4 hobgoblins (D:1)
  4 bats
  4 frilled lizards
  3 kobolds (D:1)
  3 rats (D:1)
33 creatures vanquished.

Notes
Turn   | Place    | Note
-------+----------+-------------------------------------------
     0 | D:1      | galech the Demonspawn Fighter began the quest for the Orb.
     0 | D:1      | Reached XP level 1. HP: 18/18 MP: 1/1
   125 | D:1      | Gained mutation: You are immune to rotting. [demonic
                  | ancestry]
   125 | D:1      | Reached XP level 2. HP: 22/24 MP: 2/2
   568 | D:1      | Gained mutation: You have a pair of small antennae on your
                  | head. [demonic ancestry]
   568 | D:1      | Reached XP level 3. HP: 29/29 MP: 3/3
   663 | D:2      | Found a radiant altar of Vehumet.
   730 | D:2      | Gained mutation: You are partially covered in yellow
                  | scales. (AC +2) [demonic ancestry]
   730 | D:2      | Reached XP level 4. HP: 35/35 MP: 4/4
   742 | D:2      | Noticed Natasha
   756 | D:2      | Killed from afar by Natasha

Levels and vault maps discovered:
D:1:      dpeg_arrival_water_temple_mockup, layout_basic
D:2:      layout_basic, vehumet_crystals, first_ration, serial_glass,
          glass_columns_b, glass_columns_a, glass_columns_a, glass_columns_b,
          glass_columns_a, glass_columns_c, glass_columns_b, glass_columns_a,
          minmay_strange_pillars, due_unseen_surprise, kennysheep_crisscross,
          chequers_serial_rivers_small_b, uniq_natasha

Skill      XL: |  1  2 |
---------------+-------+-----
Armour         | 3 |  3.5
Axes           | 2 |  2.6
Shields        | 3 |  3.4
Fighting       | |  3.5
Dodging        | |  0.7

Action                   |  1- 3 |  4- 6 || total
-------------------------+-------+-------++-------
Melee: Hand axe          |    69 |    13 ||    82
       War axe           |     5 |       ||     5
Armor: Scale mail        |    50 |     8 ||    58
Dodge: Dodged            |    20 |    10 ||    30
Block: Shield            |    43 |     8 ||    51

Table legend:
 A = Non-vault XP
 B = Vault XP
 C = Vault XP percentage of total XP
 D = Non-vault monster count
 E = Vault monster count
 F = Vault count percentage of total count
                 A         B        C        D         E       F
            +---------+---------+-------+---------+---------+-------
      Total |     170 |       0 |   0.0 |      33 |       0 |   0.0
            +---------+---------+-------+---------+---------+-------
        D:1 |      43 |       0 |   0.0 |      23 |       0 |   0.0
        D:2 |     127 |       0 |   0.0 |      10 |       0 |   0.0
            +---------+---------+-------+---------+---------+-------
